 Dungeon Crawl Stone Soup version 0.31-a0-200-gbc41564c69 (webtiles) character file.

Game seed: 16469891309498572167

61 qw the Shooter (level 3, 0/20 HPs)
             Began as a Deep Elf Hunter on June 25, 2023.
             Slain by Jessica
             ... wielding a +0 dagger
              (6 damage)
             ... on level 2 of the Dungeon.
             The game lasted 00:00:32 (1076 turns).

qw the Shooter (Deep Elf Hunter)                    Turns: 1076, Time: 00:00:32

Health: 0/20       AC:  3    Str: 10    XL:     3   Next: 83%
Magic:  5/5        EV: 12    Int: 13    God:
Gold:   108        SH:  0    Dex: 18    Spells: 2/2 levels left

rFire   . . .        Y - +0 shortbow
rCold   . . .        (shield currently unavailable)
rNeg    . . .        c - +0 leather armour
rPois   .            (no helmet)
rElec   .            (no cloak)
rCorr   .            (no gloves)
SInv    .            (no boots)
Will    .....        (no amulet)
Stlth   ++           (no ring)
HPRegen 0.23/turn    (no ring)
MPRegen 0.09/turn

%: no passive effects
@: no status effects
A: no striking features
a: no special abilities


You were on level 2 of the Dungeon.
You visited 1 branch of the dungeon, and saw 2 of its levels.

You collected 108 gold pieces.


   Skills:
 - Level 1.5 Fighting
 + Level 7.3 Ranged Weapons
 - Level 2.4 Dodging
 - Level 1.2 Stealth


You had 2 spell levels left.
You didn't know any spells.
Your spell library was empty.

Inventory:

Hand Weapons
 Y - a +0 shortbow (weapon)
Armour
 c - a +0 leather armour (worn)
 i - a +0 scale mail
Jewellery
 e - a +6 ring of intelligence
 j - a +4 ring of slaying {mikee}
Scrolls
 a - 2 scrolls of identify {unknown}
 d - a scroll of vulnerability {unknown}
 g - a scroll of teleportation {unknown}
 h - a scroll of poison {unknown}
 k - a scroll of immolation {unknown}
 l - a scroll of acquirement {unknown}
 m - a scroll of fog {unknown}
Potions
 b - a potion of curing {unknown}
 f - a potion of attraction {unknown}

Dungeon Overview and Level Annotations

Branches:
Dungeon (2/15)

Altars:

Annotations:
D:2 Jessica


Message History

Enter note:
Enter note:
Enter note:
Enter note:
Enter note:
Enter note:
Enter note: You shoot an arrow.
The arrow hits Jessica but does no damage.
Jessica shouts!
Jessica gestures at you while chanting. Pain shoots through your body!
You shoot an arrow. The arrow hits Jessica.
Jessica is moderately wounded.
Jessica barely misses you.
You shoot an arrow.
The arrow hits Jessica but does no damage.
Jessica is lightly wounded.
Jessica zaps a wand.
The puff of flame hits you!
You shoot an arrow. The arrow hits Jessica.
Jessica is moderately wounded.
Jessica closely misses you.
You shoot an arrow.
The arrow hits Jessica but does no damage.
Jessica is moderately wounded.
Jessica points at you and mumbles some strange words.
Pain shoots through your body!
You shoot an arrow. The arrow closely misses Jessica.
Jessica misses you.
You shoot an arrow.
The arrow hits Jessica but does no damage.
Jessica is moderately wounded.
Jessica barely misses you.
You shoot an arrow. The arrow closely misses Jessica.
Jessica casts a spell at you. Pain shoots through your body!
You shoot an arrow. The arrow hits Jessica.
Jessica is severely wounded.
Jessica hits you with a +0 dagger.
You die...

#.###.##..# #.......
#.##..#...# #...####
#.##.####.###...####
#.# #...........
##.# #.##..####..
#..# ##.#..## ##. #
#.## #....#######.
#.#.# #....# #.....
#.@@# #....# #.....
#.### #....# #.....
... #....# #.....
#... ###### #.....
#... #..... #..
###### #..


You could see Jessica.

Vanquished Creatures
  An adder (D:2)
  A worm (D:2)
  2 dart slugs (D:2)
  4 bats
  3 endoplasms (D:1)
  3 giant cockroaches
  3 goblins (D:1)
  A hobgoblin (D:1)
  3 jackals (D:2)
  5 kobolds
  3 quokkas
  2 ball pythons
  6 frilled lizards
  7 rats
44 creatures vanquished.

Notes
Turn   | Place    | Note
-------+----------+-------------------------------------------
     0 | D:1      | qw the Deep Elf Hunter began the quest for the Orb.
     0 | D:1      | Reached XP level 1. HP: 12/12 MP: 3/3
     0 | D:1      | 0 ||| qw: Version: 0.3-a-22-g0ed2b0b
     0 | D:1      | 0 ||| qw: Game counter: 5586
     0 | D:1      | 0 ||| qw: Melee chars always use a shield: true
     0 | D:1      | 0 ||| qw: God list: Okawaru
     0 | D:1      | 0 ||| qw: Allow faded altars: false
     0 | D:1      | 0 ||| qw: Do Orc after clearing Dungeon:15 true
     0 | D:1      | 0 ||| qw: Do second Lair branch before Depths: true
     0 | D:1      | 0 ||| qw: Lair rune preference: random
     0 | D:1      | 0 ||| qw: Goals: Normal
     0 | D:1      | 0 ||| PLANNING D:1-11
   212 | D:1      | Reached skill level 6 in Ranged Weapons
   212 | D:1      | Reached XP level 2. HP: 16/16 MP: 4/4
   592 | D:1      | 592 ||| READING scroll labelled ROZUSUKOGUM.
   593 | D:1      | 593 ||| READING scroll labelled NIMAINN RURESO.
   594 | D:1      | 594 ||| DROPPING scroll of butterflies.
   626 | D:2      | Reached XP level 3. HP: 13/20 MP: 5/5
   630 | D:2      | HP: 5/20 [poisoned by an adder]
   632 | D:2      | HP: 2/20 [jackal (2)]
   742 | D:2      | 742 ||| FLEEEEING.
   743 | D:2      | 743 ||| FLEEEEING.
   744 | D:2      | 744 ||| FLEEEEING.
   745 | D:2      | 745 ||| FLEEEEING.
   746 | D:2      | 746 ||| FLEEEEING.
   748 | D:2      | 748 ||| FLEEEEING.
   759 | D:2      | Reached skill level 7 in Ranged Weapons
  1067 | D:2      | Noticed Jessica
  1076 | D:2      | Slain by Jessica

Levels and vault maps discovered:
D:1:      minmay_arrival_four_houses, layout_basic, roderic_lattice_a
D:2:      layout_rooms, uniq_jessica

Skill      XL: |  1  2  3 |
---------------+----------+-----
Ranged Weapons | 6 7 |  7.3
Fighting       | |  1.5
Dodging        | |  2.4
Stealth        | |  1.2

Action                     || total
---------------------------++-------
   Fire: Shortbow          ||   119
    Use: Scroll            ||     2
 Armour: Leather armour    ||    11
  Dodge: Dodged            ||    39

Table legend:
 A = Non-vault XP
 B = Vault XP
 C = Vault XP percentage of total XP
 D = Non-vault monster count
 E = Vault monster count
 F = Vault count percentage of total count
                 A         B        C        D         E       F
            +---------+---------+-------+---------+---------+-------
      Total |      88 |       0 |   0.0 |      44 |       0 |   0.0
            +---------+---------+-------+---------+---------+-------
        D:1 |      35 |       0 |   0.0 |      22 |       0 |   0.0
        D:2 |      53 |       0 |   0.0 |      22 |       0 |   0.0
            +---------+---------+-------+---------+---------+-------
